 Dungeon Crawl Stone Soup version 0.21-a0-210-gbfa5647 (webtiles) character file.

285 wolfsongas the Poker (level 6, -8/47 HPs)
             Began as a Demonspawn Abyssal Knight on Aug 21, 2017.
             Was a Believer of Lugonu.
             Mangled by an orc
             ... wielding a +1 whip of electrocution
              (20 damage)
             ... on level 4 of the Dungeon.
             The game lasted 00:04:39 (3156 turns).

wolfsongas the Poker (Demonspawn Abyssal Knight)    Turns: 3156, Time: 00:04:40

Health: -8/47      AC:  6    Str: 14    XL:     6   Next: 7%
Magic:  7/7        EV: 10    Int: 14    God:    Lugonu [**....]
Gold:   188        SH:  3    Dex: 17    Spells: 5/5 levels left

rFire    . . .     SeeInvis .   r - +2 spear (venom)
rCold    + . .     Gourm    .   (no shield)
rNeg     . . .     Faith    .   i - +0 ring mail
rPois    .         Spirit   .   t - +0 helmet (curse)
rElec    .         Reflect  +   (no cloak)
rCorr    .         Harm     .   (no gloves)
MR       .....                  (no boots)
Stlth    +.........             h - +3 amulet of reflection
HPRegen  0.15/turn              o - +2 ring of dexterity
MPRegen  0.10/turn              c - +3 ring of dexterity

@: no status effects
A: hooves 1, cold resistance 1
a: Depart the Abyss, Bend Space, Renounce Religion


You were on level 4 of the Dungeon.
You worshipped Lugonu.
Lugonu was pleased with you.
You were completely stuffed.

You visited 1 branch of the dungeon, and saw 4 of its levels.
You visited the Abyss 1 time.

You collected 188 gold pieces.

Inventory:

Hand Weapons
 r - a +2 spear of venom (weapon)
Armour
 i - a +0 ring mail (worn)
 t - a cursed +0 helmet (worn)
Jewellery
 c - a +3 ring of dexterity (right hand)
 h - a +3 amulet of reflection (around neck)
 o - a +2 ring of dexterity (left hand)
 u - a +6 ring of intelligence
Scrolls
 a - 2 scrolls of teleportation
 e - a scroll of magic mapping
 f - a scroll of immolation {unknown}
 l - a scroll of remove curse {unknown}
 s - a scroll of blinking {unknown}
 v - a scroll of fog {unknown}
Potions
 k - 2 potions of mutation {unknown}
 m - a potion of haste {unknown}
 p - a potion of brilliance
 q - 3 potions of curing
Comestibles
 d - a meat ration
 j - 2 royal jellies
 n - 3 fruits


   Skills:
 - Level 3.0 Fighting
   Level 3.2 Maces & Flails
 * Level 4.6 Polearms
 - Level 1.7 Armour
 - Level 0.8 Dodging
 - Level 2.4 Invocations


You had 5 spell levels left.
You didn't know any spells.

Dungeon Overview and Level Annotations

Branches:
Dungeon (4/15)
 Temple: D:4-7

Altars:
Ashenzari

Annotations:
D:4 F0o0L's ghost, weakling HuBe


Innate Abilities, Weirdness & Mutations

You have large cloven feet.
Your flesh is cold resistant. (rC+)


Message History

You are too injured to fight recklessly!
You are too injured to fight recklessly!
You are too injured to fight recklessly!
You are too injured to fight recklessly!
You closely miss the orc wizard. Your kick misses the orc wizard.
The orc closely misses you. The hound bites you.
You hit the orc but do no damage.
The orc is poisoned.
The orc hits you but does no damage. The hound barely misses you.
The orc hits you with a whip of electrocution.
* * * LOW HITPOINT WARNING * * *
F0o0L's ghost (weakling Human Berserker) comes into view.
F0o0L's ghost turns its malevolent gaze towards you.
You hit the orc.
The orc is heavily wounded.
The hound bites you but does no damage. The orc wizard barely misses you.
The orc closely misses you.
The orc hits you with a whip of electrocution.
* * * LOW HITPOINT WARNING * * *
You are electrocuted!
You die...

#...........###........
#......................
#......................
#####..................
#######..................
#<.......................
#######..................
#..h...............
#.@o...............
#.oo...... #.o.......
#......... #.........
#......... #........W
#.........


You could see a hound, an orc wizard, F0o0L's ghost and 3 orcs.

Vanquished Creatures
  A scorpion (D:4)
  A hound (D:4)
  2 orc wizards
  An orc priest (D:4)
  A worker ant (D:4)
  5 worms
  A dart slug (D:3)
  2 leopard geckos
  10 orcs
  3 giant cockroaches
  4 goblins
  8 hobgoblins
  7 jackals
  5 kobolds
  A quokka (D:3)
  8 bats
  2 frilled lizards
  8 rats
70 creatures vanquished.

Notes
Turn   | Place    | Note
-------+----------+-------------------------------------------
     0 | Abyss:1  | wolfsongas the Demonspawn Abyssal Knight began the quest for the Orb.
     0 | Abyss:1  | Reached XP level 1. HP: 18/18 MP: 2/2
    75 | Abyss:1  | Noticed a frost giant zombie
    80 | Abyss:1  | Noticed a rakshasa
    82 | Abyss:1  | Noticed a great orb of eyes
    94 | D:1      | Escaped the Abyss
   233 | D:1      | Found a shattered altar of Ashenzari.
   321 | D:1      | Gained mutation: Your flesh is cold resistant. (rC+) [demonic ancestry]
   321 | D:1      | Reached XP level 2. HP: 14/24 MP: 3/3
   539 | D:1      | Reached * piety under Lugonu
  1260 | D:2      | Reached XP level 3. HP: 24/29 MP: 4/4
  1956 | D:3      | Reached skill level 1 in Polearms
  1975 | D:3      | Reached ** piety under Lugonu
  2115 | D:3      | Reached skill level 2 in Polearms
  2115 | D:3      | Reached XP level 4. HP: 27/35 MP: 5/5
  2591 | D:4      | Reached skill level 3 in Polearms
  2694 | D:4      | Reached XP level 5. HP: 35/41 MP: 6/6
  2992 | D:4      | Reached skill level 4 in Polearms
  3148 | D:4      | Gained mutation: You have large cloven feet. [demonic ancestry]
  3148 | D:4      | Reached XP level 6. HP: 31/47 MP: 7/7
  3156 | D:4      | Noticed F0o0L's ghost (weakling HuBe)
  3156 | D:4      | Mangled by an orc

Vault maps used:
D:1:      dpeg_arrival_renting, ashenzari_altar_1

Skill      XL: |  1  2  3  4  5 |
---------------+----------------+-----
Maces & Flails | 2 3 |  3.2
Polearms       | 2 3 4 |  4.6
Fighting       | |  3.0
Armour         | |  1.7
Dodging        | |  0.8
Invocations    | |  2.4

Action                   |  1- 3 |  4- 6 || total
-------------------------+-------+-------++-------
Melee: Mace              |    73 |       ||    73
       Spear             |    55 |    81 ||   136
       Kick              |       |     1 ||     1
Invok: Depart the Abyss  |     1 |       ||     1
  Use: Potion            |     3 |       ||     3
       Scroll            |     4 |     3 ||     7
 Stab: Sleeping          |     1 |     2 ||     3
  Eat: Chunk             |     2 |       ||     2
       Bread ration      |     1 |       ||     1
       Meat ration       |       |     2 ||     2
Armor: Leather armour    |    27 |    14 ||    41
       Ring mail         |       |     8 ||     8
Dodge: Dodged            |    70 |    46 ||   116
Block: Other             |    14 |     4 ||    18

Table legend:
 A = Spawn XP
 B = Non-spawn XP
 C = Spawn XP percentage of total XP
 D = Spawn monster count
 E = Non-spawn monster count
 F = Spawn count percentage of total count
 G = Total turns spent on level
                    A         B        C        D         E        F      G
               +---------+---------+-------+---------+---------+-------+---------
         Total |      10 |     398 |   2.5 |       6 |      64 |   8.6 |  3156
               +---------+---------+-------+---------+---------+-------+---------
           D:1 |       6 |      18 |  25.0 |       3 |      12 |  20.0 |   758
           D:2 |       4 |      22 |  15.4 |       3 |      11 |  21.4 |  1036
           D:3 |       0 |     116 |   0.0 |       0 |      29 |   0.0 |   680
           D:4 |       0 |     242 |   0.0 |       0 |      12 |   0.0 |   588
               +---------+---------+-------+---------+---------+-------+---------
